 Dungeon Crawl Stone Soup version 0.27.1-33-g824d729ab1 (webtiles) character file.

Game seed: 17109792762143801092

164 kulwych the Skirmisher (level 5, -5/47 HPs)
             Began as a Minotaur Fighter on Dec 7, 2021.
             Slain by Natasha (6 damage)
             ... on level 4 of the Dungeon.
             The game lasted 00:04:15 (2791 turns).

kulwych the Skirmisher (Minotaur Fighter)           Turns: 2791, Time: 00:04:15

Health: -5/47      AC:  8    Str: 21    XL:     5   Next: 21%
Magic:  4/4        EV:  8    Int:  5    God:
Gold:   210        SH:  9    Dex: 10    Spells: 4/4 levels left

rFire    . . .     SeeInvis .   a - +0 long sword
rCold    . . .     Faith    .   c - +0 kite shield
rNeg     . . .     Spirit   .   b - +0 scale mail
rPois    .         Reflect  .   (helmet restricted)
rElec    .         Harm     .   (no cloak)
rCorr    .         Rampage  .   o - +0 pair of gloves
Will     .....                  (no boots)
Stlth    ..........             (no amulet)
HPRegen  0.15/turn              (no ring)
MPRegen  0.09/turn              (no ring)

@: slowed, very slow
A: horns 2, retaliatory headbutt
a: no special abilities


You were on level 4 of the Dungeon.
You visited 1 branch of the dungeon, and saw 4 of its levels.

You collected 210 gold pieces.

Inventory:

Hand Weapons
 a - a +0 long sword (weapon)
Armour
 b - a +0 scale mail (worn)
 c - a +0 kite shield (worn)
 o - a +0 pair of gloves (worn)
Scrolls
 f - a scroll of silence {unknown}
 h - a scroll of amnesia
 i - a scroll of torment
 m - a scroll of summoning {unknown}
 n - 2 scrolls of magic mapping
 q - a scroll of identify
Potions
 d - a potion of might
 e - a potion of curing {unknown}
 g - a potion of haste {unknown}
 j - 2 potions of attraction {unknown}
 k - a potion of berserk rage {unknown}
 l - 2 potions of flight {unknown}
 p - a potion of resistance {unknown}


   Skills:
 + Level 4.4 Fighting
 + Level 4.3 Long Blades
 + Level 4.4 Armour
 * Level 1.7 Dodging
 + Level 4.3 Shields


You had 4 spell levels left.
You didn't know any spells.
Your spell library contained the following spells:

 Spells                   Type           Power      Damage    Failure   Level
 Sandblast                Erth           0%         2d4       99%         1
 Ensorcelled Hibernation  Hex/Ice        0%         N/A       100%        2
 Passwall                 Tmut/Erth      0%         N/A       100%        2
 Spider Form              Tmut/Pois      0%         N/A       100%        3
 Lee's Rapid Deconstruct  Erth           0%         3d5*      100%        5
 Shadow Creatures         Summ           N/A        N/A       100%        6


Dungeon Overview and Level Annotations

Branches:
Dungeon (4/15)
 Temple: D:4-7

Altars:

Annotations:
D:4 1 runed translucent door, Natasha


Innate Abilities, Weirdness & Mutations

You have a pair of horns on your head.
You reflexively headbutt those who attack you in melee.


Message History

Natasha is moderately wounded.
An ogre comes into view. It is wielding a +0 giant club.
Natasha casts a spell at you.
You feel yourself slow down.
The ogre shouts!
You slash the orc!
You kill the orc!
Natasha claws you but does no damage.
Natasha stares at you and mumbles some strange words.
The magic dart hits you. The orc hits you with a +0 falchion.
You hit the orc. You headbutt the orc, but do no damage.
The orc is moderately wounded.
Natasha claws you. The orc hits you with a +0 falchion.
* * * LOW HITPOINT WARNING * * *
Natasha barely misses you. You furiously retaliate!
You headbutt Natasha.
You riposte.
You closely miss Natasha.
Natasha is heavily wounded.
You block the orc's attack. Natasha barely misses you. You furiously retaliate!
You headbutt Natasha, but do no damage. You hit the orc but do no damage.
The orc is lightly wounded.
You block the orc's attack.
Natasha wildly gestures.
You feel disoriented. Natasha claws you.
* * * LOW HITPOINT WARNING * * *
The orc hits you with a +0 falchion.
* * * LOW HITPOINT WARNING * * *
You hit the orc but do no damage. Your headbutt misses the orc.
The orc is lightly wounded.
Natasha casts a spell at you.
The magic dart hits you but does no damage.
The orc barely misses you. Natasha claws you.
* * * LOW HITPOINT WARNING * * *
The orc hits you with a +0 falchion.
* * * LOW HITPOINT WARNING * * *
Natasha mumbles some strange words.
Natasha shimmers violently.
Natasha claws you.
You die...

##.....#. ##........
#.........
#......... #####
#......... #.o.#
#......... #.#@#
#.........
#.#h#####........
#..r.............
##..............##
###..............##
..................#
..................#
...#..............#
....................


You could see Natasha, an orc and a quokka.

Vanquished Creatures
  A hound (D:3)
  An orc priest (D:4)
  Natasha (D:4)
  An adder (D:2)
  2 worms
  3 dart slugs
  9 orcs
  A bat (D:1)
  6 endoplasms
  A giant cockroach (D:3)
  A goblin (D:2)
  6 hobgoblins
  A jackal (D:2)
  4 quokkas
  2 ball pythons (D:1)
  4 frilled lizards
  2 kobolds
  5 rats (D:2)
51 creatures vanquished.

Notes
Turn   | Place    | Note
-------+----------+-------------------------------------------
     0 | D:1      | kulwych the Minotaur Fighter began the quest for the Orb.
     0 | D:1      | Reached XP level 1. HP: 19/19 MP: 0/0
   404 | D:1      | Reached XP level 2. HP: 25/27 MP: 1/1
  1257 | D:2      | Found a faded altar of an unknown god.
  1279 | D:2      | Reached XP level 3. HP: 30/33 MP: 2/2
  1412 | D:2      | Reached skill level 1 in Dodging
  1862 | D:3      | Reached XP level 4. HP: 30/41 MP: 3/3
  2468 | D:4      | Noticed Natasha
  2477 | D:4      | Killed Natasha
  2480 | D:4      | Found a runed translucent door.
  2780 | D:4      | Noticed Natasha
  2784 | D:4      | Reached XP level 5. HP: 31/47 MP: 4/4
  2787 | D:4      | Noticed an ogre
  2791 | D:4      | HP: 1/47 [orc (3)]
  2791 | D:4      | Slain by Natasha

Illustrated notes

Levels and vault maps discovered:
D:1:      lemuel_arrival_tunnels, layout_basic, hangedman_decor_points,
          solitary_fountain, minmay_stone_trees_small, roderic_roman_lattice
D:2:      layout_rooms, dreamdust_ecumenical_altar_angels_and_demons,
          serial_glass, glass_columns_a, glass_columns_b,
          kennysheep_generic_room_6
D:3:      layout_loops_ring
D:4:      layout_rooms, hellmonk_ghost_happy_afterlife, uniq_menkaure,
          uniq_natasha, uniq_eustachio

Skill      XL: |  1  2  3  4 |
---------------+-------------+-----
Fighting       | 4 |  4.4
Armour         | 4 |  4.4
Long Blades    | 3 4 |  4.3
Dodging        | 1 |  1.7
Shields        | 4 |  4.3

Action                   |  1- 3 |  4- 6 || total
-------------------------+-------+-------++-------
Melee: Long sword        |   100 |    38 ||   138
       Headbutt          |    11 |     5 ||    16
  Use: Scroll            |     3 |       ||     3
Armor: Scale mail        |    39 |    13 ||    52
Dodge: Dodged            |    33 |    11 ||    44
Block: Kite shield       |    45 |    17 ||    62
       Rpst.: Long sword |     8 |     4 ||    12
